 Dungeon Crawl Stone Soup version 0.18-a0-1027-g814d7dd (webtiles) character file.

78 tof the Skirmisher (level 4, -3/37 HPs)
             Began as a Demonspawn Fighter on Jan 8, 2016.
             Was an Initiate of Ru.
             Killed from afar by Sigmund (8 damage)
             ... with a puff of flame
             ... on level 3 of the Dungeon.
             The game lasted 00:03:10 (1846 turns).

tof the Skirmisher (Demonspawn Fighter)             Turns: 1846, Time: 00:03:10

Health: -3/37      AC: 13    Str: 17    XL:     4   Next: 15%
Magic:  4/4        EV:  2    Int:  9    God:    Ru [......]
Gold:   138        SH:  9    Dex: 12    Spells: 0 memorised, 3 levels left

rFire  . . .     SeeInvis .     a - +0 war axe
rCold  . . .     Gourm    .     b - +0 scale mail
rNeg   . . .     Faith    .     c - +0 shield
rPois  .         Spirit   .     (no helmet)
rElec  .         Dismiss  .     m - +0 cloak
rCorr  .         Reflect  .     e - +0 pair of gloves
SustAt .         Harm     .     (no boots)
MR     .....                    (no amulet)
Stlth  ..........               (no ring)
                                (no ring)

@: not resistant to hostile enchantments, extremely unstealthy
A: claws 1, rough black scales 1
a: Renounce Religion


You were on level 3 of the Dungeon.
You worshipped Ru.
Ru was noncommittal.
You were not hungry.

You visited 1 branch of the dungeon, and saw 3 of its levels.

You collected 138 gold pieces.

Inventory:

Hand Weapons
 a - a +0 war axe (weapon)
Armour
 b - a +0 scale mail (worn)
 c - a +0 shield (worn)
 e - a +0 pair of gloves (worn)
 m - a +0 cloak (worn)
Scrolls
 g - a scroll of fog {unknown}
 j - a scroll of blinking {unknown}
 n - a scroll of amnesia {unknown}
 p - a scroll of identify {unknown}
Potions
 d - a potion of might
 h - a potion of invisibility {unknown}
 l - a potion of haste {unknown}
Comestibles
 f - a bread ration
 i - 3 meat rations
 k - 2 fruits
 o - 2 chunks of flesh


   Skills:
 + Level 3.8 Fighting
 + Level 2.3 Axes
 + Level 3.3 Armour
 - Level 0.1 Dodging
 + Level 3.1 Shields


You had 3 spell levels left.
You didn't know any spells.

Dungeon Overview and Level Annotations

Branches:
Dungeon (3/15)

Altars:
Cheibriados
Dithmenos
Elyvilon
Gozag
Qazlal
Ru
Trog
Yredelemnul

Annotations:
D:3 Sigmund


Innate Abilities, Weirdness & Mutations

You have sharp fingernails.
You are partially covered in rough black scales (AC +4, Dex -1).


Message History

You closely miss something. Something hits you!
* * * LOW HITPOINT WARNING * * *
You closely miss something. Something hits you.
* * * LOW HITPOINT WARNING * * *
You hit something but do no damage. Something hits you but does no damage.
You closely miss something. Something hits you.
* * * LOW HITPOINT WARNING * * *
You miss something. Something hits you but does no damage.
You closely miss something. Something hits you but does no damage.
You miss something. Something hits you.
* * * LOW HITPOINT WARNING * * *
Something hits you but does no damage.
Found 11 gold pieces.
You hear some strange, mumbled words.
Something tries to affect you, but you resist.
Some of the chunks of flesh in your inventory have rotted away.
There is a stone staircase leading up here.
Sigmund gestures at you while chanting. The puff of flame hits you!
You die...

#.#.#.# #.#.#.#
..#.# #.....#
.#.## #.....#
......# #.....####
$....# #.....#..
..($.# #...[.#.# #
#.##.# #.<...#.##
#. #.##.#
###@^....####.#
#.##o##.#
#.###.......#
#.......#
#.####.####.#
#.......#
####@#.........#
#.##.##.#
#..r...##.######
#.
#.##.###.##.####.#
#
#.....r..##......#
####.#############
#.......#


You could see Sigmund and a rat.

Vanquished Creatures
  3 adders (D:2)
  3 worms (D:2)
  9 bats
  A giant cockroach (D:2)
  6 goblins
  5 hobgoblins
  6 kobolds
  A quokka (D:3)
  4 giant newts
  3 rats (D:2)
41 creatures vanquished.

Notes
Turn   | Place    | Note
--------------------------------------------------------------
     0 | D:1      | tof the Demonspawn Fighter began the quest for the Orb.
     0 | D:1      | Reached XP level 1. HP: 18/18 MP: 1/1
   175 | D:1      | Gained mutation: You have sharp fingernails. [demonic ancestry]
   175 | D:1      | Reached XP level 2. HP: 24/24 MP: 2/2
   606 | D:2      | Found a shadowy altar of Dithmenos.
   618 | D:2      | Gained mutation: You are partially covered in rough black scales (AC +4, Dex -1). [demonic ancestry]
   618 | D:2      | Reached XP level 3. HP: 22/29 MP: 3/3
   672 | D:2      | Found a bloodstained altar of Trog.
   810 | D:2      | Found a white marble altar of Elyvilon.
   812 | D:2      | Found a stormy altar of Qazlal.
   812 | D:2      | Found a sacrificial altar of Ru.
   812 | D:2      | Found an opulent altar of Gozag.
   979 | D:2      | Found a snail-covered altar of Cheibriados.
   982 | D:2      | Became a worshipper of Ru the Awakened
   989 | D:2      | Found a basalt altar of Yredelemnul.
  1260 | D:2      | Reached XP level 4. HP: 18/37 MP: 4/4
  1811 | D:3      | Noticed Sigmund
  1846 | D:3      | Killed from afar by Sigmund

Vault maps used:
D:1:      minmay_arrival_hallway
D:2:      bloody_trog, minmay_overflow_temple_hex, grunt_dithmenos_smoke
D:3:      ecumenical_altar_2, uniq_sigmund

Action                   |  1- 3 |  4- 6 || total
-------------------------+-------+-------++-------
Melee: War axe           |   126 |    39 ||   165
  Eat: Chunk             |     1 |     2 ||     3
